 Dungeon Crawl Stone Soup version 0.25-a0-829-g4e6a552925 (webtiles) character file.

Game seed: 16759533416956075762, levelgen mode: deterministic

12545 grindst0ne the Martial Artist (level 12, -7/98 HPs)
             Began as a Human Artificer on Apr 21, 2020.
             Was a Priest of Cheibriados.
             Impaled on a porcupine's spines (14 damage)
             ... on level 2 of the Lair of Beasts.
             The game lasted 00:29:08 (11902 turns).

grindst0ne the Martial Artist (Human Artificer)    Turns: 11902, Time: 00:29:09

Health: -7/98      AC: 13    Str: 23    XL:     12   Next: 21%
Magic:  18/18      EV: 10    Int: 20    God:    Cheibriados [***...]
Gold:   469        SH:  5    Dex: 24    Spells: 9/11 levels left

rFire    + . .     SeeInvis .   m - +6 dagger of Hego {freeze, rC+}
rCold    + . .     Gourm    .   (no shield)
rNeg     . . .     Faith    .   v - +2 chain mail {rF+}
rPois    .         Spirit   .   (no helmet)
rElec    .         Reflect  +   (no cloak)
rCorr    .         Harm     .   (no gloves)
MR       .....                  j - +2 pair of boots
Stlth    ..........             r - +5 amulet of reflection
HPRegen  0.26/turn              (no ring)
MPRegen  0.16/turn              (no ring)

@: heavily drained, very slow
A: no striking features
a: Bend Time, Temporal Distortion, Renounce Religion


You were on level 2 of the Lair of Beasts.
You worshipped Cheibriados.
Cheibriados was most pleased with you.
You were very hungry.

You visited 3 branches of the dungeon, and saw 13 of its levels.

You collected 469 gold pieces.

Inventory:

Hand Weapons
 m - the +6 dagger of Hego (weapon) {freeze, rC+}
   (You took it off an orc on level 9 of the Dungeon)

   It has been specially enchanted to freeze those struck by it, causing extra
   injury to most foes and up to half again as much damage against particularly
   susceptible opponents.
   It can also slow down cold-blooded creatures.
   It protects you from cold.
Missiles
 e - a boomerang (quivered)
Armour
 i - a +0 tower shield
 j - a +2 pair of boots (worn)
 k - a +0 plate armour
 v - a +2 chain mail of fire resistance (worn)
Jewellery
 r - a +5 amulet of reflection (around neck)
Wands
 d - a wand of enslavement (27)
 s - a wand of digging (9)
Scrolls
 b - a scroll of enchant armour
 h - 4 scrolls of teleportation
 o - 4 scrolls of remove curse
 q - 3 scrolls of amnesia
 t - 2 scrolls of enchant weapon
 u - a scroll of fear
 C - a scroll of immolation
Potions
 c - a potion of mutation
 g - a potion of flight
 n - a potion of ambrosia
 p - a potion of stabbing
 x - a potion of cancellation
 z - a potion of brilliance
 D - a potion of magic {unknown}
Comestibles
 f - 18 rations


   Skills:
 - Level 10.5(7.9) Fighting
 - Level 1.0(0.0) Short Blades
 + Level 4.1(1.9) Armour
 + Level 4.8(2.6) Dodging
 - Level 1.0(0.0) Stealth
 * Level 11.6(9.0) Unarmed Combat
 * Level 8.6(6.2) Invocations
 - Level 3.0(0.8) Evocations


You had 9 spell levels left.
You knew the following spells:

 Your Spells              Type           Power        Failure   Level  Hunger
a - Blink                 Tloc           N/A          94%         2    ###....

Your spell library contained the following spells:

 Spells                   Type           Power        Failure   Level  Hunger
 Animate Skeleton         Necr           N/A          85%         1    ##.....
 Apportation              Tloc           #.....       85%         1    ##.....
 Corona                   Hex            #......      85%         1    ##.....
 Freeze                   Ice            #...         85%         1    ##.....
 Magic Dart               Conj           #...         85%         1    ##.....
 Summon Small Mammal      Summ           #...         85%         1    ##.....
 Call Imp                 Summ           #.......     94%         2    ###....
 Ensorcelled Hibernation  Hex/Ice        #.....       94%         2    ###....
 Slow                     Hex            #.......     94%         2    ###....
 Confusing Touch          Hex            #.......     99%         3    ####...
 Conjure Flame            Conj/Fire      #.......     99%         3    ####...
 Dazzling Flash           Conj/Hex       #.....       99%         3    ####...
 Frozen Ramparts          Ice            #.....       99%         3    ####...
 Mephitic Cloud           Conj/Pois/Air  #.......     99%         3    ####...
 Ozocubu's Armour         Chrm/Ice       #.......     99%         3    ####...
 Tukima's Dance           Hex            #.......     99%         3    ####...
 Hailstorm                Conj/Ice       #.......     100%        4    #####..
 Summon Ice Beast         Ice/Summ       #.......     100%        4    #####..


Dungeon Overview and Level Annotations

Branches:
Dungeon (10/15)            Temple (1/1) D:4            Lair (1/6) D:9
    Orc: D:9-12

Altars:
Ashenzari
Cheibriados
Dithmenos
Elyvilon
Fedhas
Makhleb
Nemelex Xobeh
Okawaru
Ru
Zin

Shops:
D:6 [

Annotations:
D:8 1 runed translucent door, Lanoc's ghost, novice NaAK
Lair:2 Nergalle


Message History

There is a stone staircase leading down here.
You open the door.
A porcupine comes into view.
You hear the loud beating of a distant drum.
Found 5 large rocks.
The porcupine bites you but does no damage.
The porcupine closely misses you.
You closely miss the porcupine. The porcupine bites you!
* * * LOW HITPOINT WARNING * * *
You hit the porcupine. You freeze the porcupine.
The porcupine is moderately wounded.
The porcupine misses you.
You are struck by the porcupine's spines.
* * * LOW HITPOINT WARNING * * *
You hit the porcupine. You freeze the porcupine.
The porcupine is severely wounded.
You block the porcupine's attack.
The porcupine bites you but does no damage.
You are struck by the porcupine's spines.
You die...

.... ....# ....###
....## #...## .#+ ###
#....## ....
#.###†....## #.(..
##.⌠..#.....#
......#@....#.......#
..⌠...r..>.⌠#......##
......#.....##.......
##....##.⌠.###.......#
..... #.### #...#.....
.#+.# ... ...#.......
.. #.... .... .......
.. ....# .#...#


You could see a porcupine.

Vanquished Creatures
  Erolcha (D:10)
  A hydra (Lair:1)
  3 two-headed ogres
  A death yak (D:9)
  Pikel (D:3)
  An elephant (D:9)
  Joseph (D:8)
  Psyche (D:8)
  2 spiny frogs
  A troll (D:9)
  4 hippogriffs
  A wraith (D:10)
  A basilisk (D:9)
  Grum (D:8)
  Menkaure (D:5)
  A hungry ghost (D:8)
  A soldier ant (D:10)
  A water moccasin (Lair:2)
  2 black bears
  A slave (D:3)
  4 necrophages
  An orc warrior (D:8)
  2 phantoms
  2 ice beasts
  A sky beast (D:6)
  4 ogres
  5 centaurs
  8 wolves
  3 crocodiles
  A big kobold (D:9)
  6 bullfrogs
  2 scorpions
  3 jellies
  4 howler monkeys
  A vampire bat (D:5)
  4 crimson imps
  3 hounds
  A centaur skeleton (D:5)
  A gnoll shaman (D:7)
  2 orc priests
  5 orc wizards
  2 iguanas
  7 worker ants
  A bullfrog skeleton (D:9)
  Natasha (thrice) (D:4)
  3 hound skeletons
  3 worker ant zombies
  10 gnolls
  7 adders
  A shadow imp (D:6)
  An adder zombie (D:6)
  4 adder skeletons
  2 worms
  12 dart slugs
  3 fire bats (D:5)
  6 leopard geckos
  21 orcs
  2 spectral bats (D:5)
  A ball python (D:1)
  3 bat skeletons (D:5)
  A bat zombie (D:5)
  3 giant cockroaches
  14 goblins
  13 hobgoblins
  24 jackals
  7 quokkas
  16 bats
  A bat simulacrum (D:5)
  7 frilled lizards
  10 kobolds
  A leopard gecko skeleton (D:7)
  6 rats
285 creatures vanquished.

Vanquished Creatures (others)
  An adder skeleton (D:4)
  A frilled lizard (D:4)
  2 fungi
  2 plants
6 creatures vanquished.

Grand Total: 291 creatures vanquished

Notes
Turn   | Place    | Note
-------+----------+-------------------------------------------
     0 | D:1      | grindst0ne the Human Artificer began the quest for the Orb.
     0 | D:1      | Reached XP level 1. HP: 15/15 MP: 3/3
    70 | D:1      | Reached XP level 2. HP: 14/22 MP: 4/4
   221 | D:1      | You fall into a shaft and drop 1 floor!
   287 | D:1      | HP: 1/23 [jackal (1)]
   291 | D:1      | Reached XP level 3. HP: 2/28 MP: 5/5
  1451 | D:2      | Reached XP level 4. HP: 24/35 MP: 6/6
  2028 | D:3      | Reached XP level 5. HP: 15/43 MP: 7/7
  2361 | D:3      | Reached skill level 5 in Fighting
  2570 | D:3      | Learned a level 2 spell: Blink
  2736 | D:3      | Found a shattered altar of Ashenzari.
  2740 | D:3      | Saw a vision of the Swamp and the Spider Nest.
  2740 | D:3      | Noticed a redback
  2740 | D:3      | Noticed an alligator
  2740 | D:3      | Noticed a wolf spider
  2740 | D:3      | Noticed a redback
  2740 | D:3      | Noticed a redback
  2740 | D:3      | Noticed a wolf spider
  2740 | D:3      | Noticed a redback
  2740 | D:3      | Noticed a water moccasin
  2740 | D:3      | Noticed a redback
  2740 | D:3      | Noticed an alligator
  2887 | D:4      | Noticed Natasha
  2903 | D:3      | Reached XP level 6. HP: 33/51 MP: 8/8
  3097 | D:4      | Killed Natasha
  3270 | D:4      | Found a staircase to the Ecumenical Temple.
  3279 | Temple   | Entered the Ecumenical Temple
  3285 | Temple   | Became a worshipper of Cheibriados the Contemplative
  3296 | D:4      | Noticed Natasha
  3298 | D:4      | Found a white marble altar of Elyvilon.
  3306 | D:4      | Killed Natasha
  3308 | D:4      | Noticed Natasha
  3320 | D:4      | Killed Natasha
  3638 | D:4      | Noticed a slave
  3639 | D:4      | Noticed Pikel
  3644 | D:4      | Found a burning altar of Makhleb.
  3662 | D:3      | Killed a slave
  3675 | D:4      | Reached XP level 7. HP: 52/59 MP: 9/9
  3698 | D:3      | Killed Pikel
  3698 | D:3      | Reached XP level 8. HP: 29/69 MP: 4/10
  4237 | D:5      | Entered Level 5 of the Dungeon
  4390 | D:5      | Noticed Menkaure
  4394 | D:5      | Killed Menkaure
  4560 | D:5      | Found a burning altar of Makhleb.
  4653 | D:5      | Reached * piety under Cheibriados
  4819 | D:5      | Reached skill level 10 in Fighting
  4876 | D:5      | Reached ** piety under Cheibriados
  5141 | D:6      | Reached XP level 9. HP: 73/79 MP: 8/11
  5324 | D:6      | Reached skill level 1 in Unarmed Combat
  5376 | D:6      | Found Oko Seas's Antique Armour Shop.
  5400 | D:6      | Reached skill level 2 in Unarmed Combat
  5441 | D:6      | Reached skill level 3 in Unarmed Combat
  5791 | D:6      | You fall into a shaft and drop 3 floors!
  5796 | D:9      | Noticed a troll
  5807 | D:9      | Killed a troll
  5807 | D:9      | Reached skill level 4 in Unarmed Combat
  5855 | D:9      | Reached skill level 5 in Unarmed Combat
  5870 | D:9      | Noticed a hippogriff
  5878 | D:9      | Killed a hippogriff
  5878 | D:9      | Reached skill level 6 in Unarmed Combat
  6039 | D:9      | Noticed a two-headed ogre
  6062 | D:9      | Killed a two-headed ogre
  6062 | D:9      | Reached skill level 8 in Unarmed Combat
  6062 | D:9      | Reached XP level 10. HP: 55/84 MP: 8/12
  6087 | D:9      | Reached *** piety under Cheibriados
  6427 | D:9      | Noticed an elephant
  6487 | D:9      | Identified the +6 dagger of Hego {freeze, rC+}
  6537 | D:9      | Reached skill level 9 in Unarmed Combat
  6537 | D:9      | Reached skill level 1 in Invocations
  6637 | D:8      | Noticed Grum
  6637 | D:8      | Noticed Psyche
  6689 | D:9      | Found a staircase to the Lair.
  6994 | D:9      | Found an iron altar of Okawaru.
  6997 | D:9      | Found a sacrificial altar of Ru.
  7009 | D:9      | Noticed a death yak
  7037 | D:9      | Killed an elephant
  7248 | D:8      | Noticed Joseph
  7856 | D:7      | Reached **** piety under Cheibriados
  8053 | D:7      | Reached skill level 10 in Unarmed Combat
  8053 | D:7      | Reached skill level 5 in Invocations
  8741 | D:8      | Reached XP level 11. HP: 49/89 MP: 6/15
  8762 | D:8      | Killed Psyche
  8762 | D:8      | Reached skill level 1 in Armour
  8797 | D:8      | Noticed a two-headed ogre
  9071 | D:8      | Found a runed translucent door.
  9071 | D:8      | Noticed Lanoc's ghost (novice NaAK)
  9084 | D:8      | Killed Grum
  9242 | D:8      | Reached ***** piety under Cheibriados
  9394 | D:8      | Killed Joseph
  9425 | D:8      | Killed a two-headed ogre
  9470 | D:8      | Paralysed by fainting for 6 turns
  9682 | D:9      | Killed a death yak
  9960 | D:9      | Found a sparkling altar of Nemelex Xobeh.
 10262 | D:10     | Entered Level 10 of the Dungeon
 10336 | D:10     | Noticed Erolcha
 10510 | D:10     | Killed Erolcha
 10510 | D:10     | Reached skill level 11 in Unarmed Combat
 10759 | D:10     | Noticed a brown ugly thing
 10803 | D:10     | Noticed a two-headed ogre
 10815 | D:10     | Killed a two-headed ogre
 11125 | Lair:1   | Entered Level 1 of the Lair of Beasts
 11284 | Lair:1   | Reached XP level 12. HP: 37/98 MP: 18/18
 11625 | Lair:1   | Noticed an eight-headed hydra
 11631 | Lair:1   | Killed an eight-headed hydra
 11731 | Lair:1   | You fall into a shaft and drop 1 floor!
 11822 | Lair:2   | Noticed Nergalle
 11902 | Lair:2   | Impaled on a porcupine's spines

Levels and vault maps discovered:
D:1:      sevenhm_arrival_forest_fort_small_3, layout_basic
D:2:      layout_rooms
D:3:      layout_loops_cross, skrybe_limestone_x, grunt_ashenzari_visionary
          [grunt_ashenzari_visionary_swamp, grunt_ashenzari_visionary_spider]
D:4:      layout_cave_pools, elyvilon_altar_4,
          minmay_temple_entry_statues_fountains, first_ration, bloody_makhleb,
          uniq_natasha, uniq_pikel
D:5:      kennysheep_slugbush, layout_loops_ring, lemuel_doored_altar,
          goddamned_bats, uniq_menkaure
D:6:      layout_basic, corexii_leaking_fountain, kennysheep_windowed_goal
D:7:      layout_loops_ring, grunt_ogre_cave
D:8:      layout_basic, hellmonk_ghost_happy_afterlife, enter_bailey_3,
          uniq_grum, uniq_joseph, uniq_psyche
D:9:      layout_stronghold, nicolae_overflow_hidden_temple, david_lair_generic,
          hangedman_glass_teeth
D:10:     layout_loops_ring, chequers_jeans, hangedman_minor_magic, uniq_erolcha
Temple:   eino_temple_rhombus
Lair:1:   layout_cave_pods, grunt_megastairs_2, serial_bayou_shore_a
Lair:2:   layout_cave_pods, nicolae_spider_entry_non_spiders, basic_altar,
          gauntlet_entry_generic, chequers_serial_rivers_large_a,
          grunt_megastairs_1, uniq_prince_ribbit2, uniq_nergalle

Skill      XL: |  1  2  3  4  5  6  7  8  9 10 11 12 |
---------------+-------------------------------------+-----
Fighting       | 2 3 4 5 6 8 10 | 10.5
Unarmed Combat | 8 10 11 | 11.6
Invocations    | 5 8 |  8.6
Armour         | 3 4 |  4.1
Dodging        | 4 |  4.8
Short Blades   | |  1.0
Stealth        | |  1.0
Evocations     | |  3.0

Action                   |  1- 3 |  4- 6 |  7- 9 | 10-12 || total
-------------------------+-------+-------+-------+-------++-------
Melee: Short sword       |   197 |   261 |   263 |    89 ||   810
       Punch             |       |       |     1 |    65 ||    66
       Dagger            |       |       |       |   565 ||   565
Throw: Boomerang         |       |       |    51 |    11 ||    62
Invok: Temporal Distorti |       |       |       |     1 ||     1
       Slouch            |       |       |       |     6 ||     6
Evoke: Wand              |     5 |     4 |    12 |     7 ||    28
  Use: Scroll            |     1 |       |    13 |    13 ||    27
       Potion            |       |       |       |    13 ||    13
 Stab: Sleeping          |     1 |       |       |       ||     1
       Paralysed         |       |       |    11 |     5 ||    16
       Invisible         |       |       |       |     1 ||     1
  Eat: Chunk             |     2 |     7 |     7 |    10 ||    26
       Ration            |       |       |       |     1 ||     1
Armor: Leather armour    |    15 |       |       |       ||    15
       Ring mail         |    35 |       |       |       ||    35
       Scale mail        |    39 |   130 |     4 |       ||   173
       Chain mail        |       |       |   279 |   372 ||   651
       Skin              |       |       |       |    13 ||    13
Dodge: Dodged            |   146 |   146 |   215 |   348 ||   855
Block: Other             |       |       |       |    57 ||    57
       Reflection        |       |       |       |     1 ||     1

Table legend:
 A = Non-vault XP
 B = Vault XP
 C = Vault XP percentage of total XP
 D = Non-vault monster count
 E = Vault monster count
 F = Vault count percentage of total count
                 A         B        C        D         E       F
            +---------+---------+-------+---------+---------+-------
      Total |   12585 |    5337 |  29.8 |     232 |      52 |  18.3
            +---------+---------+-------+---------+---------+-------
        D:1 |      50 |       0 |   0.0 |      27 |       0 |   0.0
        D:2 |      49 |       0 |   0.0 |      29 |       0 |   0.0
        D:3 |     222 |     651 |  74.6 |      31 |       1 |   3.1
        D:4 |     295 |      35 |  10.6 |      14 |       1 |   6.7
        D:5 |     228 |     384 |  62.7 |       8 |      31 |  79.5
        D:6 |     603 |       8 |   1.3 |      11 |       2 |  15.4
        D:7 |    1092 |     118 |   9.8 |      26 |       1 |   3.7
        D:8 |    1618 |    1068 |  39.8 |      17 |       7 |  29.2
        D:9 |    3027 |    1930 |  38.9 |      40 |       6 |  13.0
       D:10 |    2572 |     980 |  27.6 |      17 |       1 |   5.6
     Lair:1 |    2294 |      93 |   3.9 |      10 |       1 |   9.1
     Lair:2 |     535 |      70 |  11.6 |       2 |       1 |  33.3
            +---------+---------+-------+---------+---------+-------
